 Dungeon Crawl Stone Soup version 0.23-b1-6-ga921848b48 (webtiles) character file.

Game seed: 13563906145725119824

118 Ihlosi the Skirmisher (level 5, 0/33 HPs)
             Began as a Kobold Fighter on Feb 2, 2019.
             Slain by a slave (6 damage)
             ... led by Pikel
             ... on level 4 of the Dungeon.
             The game lasted 00:06:03 (2444 turns).

Ihlosi the Skirmisher (Kobold Fighter)              Turns: 2444, Time: 00:06:05

Health: 0/33       AC:  6    Str: 19    XL:     5   Next: 23%
Magic:  5/5        EV: 10    Int:  9    God:
Gold:   101        SH: 11    Dex: 15    Spells: 4/4 levels left

rFire    + . .     SeeInvis .   a - +0 flail
rCold    . . .     Gourm    .   c - +1 shield
rNeg     . . .     Faith    .   b - +0 scale mail
rPois    .         Spirit   .   (no helmet)
rElec    .         Reflect  .   (no cloak)
rCorr    .         Harm     .   (no gloves)
MR       .....                  (no boots)
Stlth    ..........             (no amulet)
HPRegen  0.11/turn              g - ring of attention (curse)
MPRegen  0.09/turn              e - ring of protection from fire

@: mighty
A: small, carnivore
a: no special abilities


You were on level 4 of the Dungeon.
You were very full.

You visited 1 branch of the dungeon, and saw 4 of its levels.

You collected 101 gold pieces.

Inventory:

Hand Weapons
 a - a +0 flail (weapon)
 i - a +2 dagger of venom
Missiles
 h - 10 tomahawks (quivered)
 j - 21 bolts
Armour
 b - a +0 scale mail (worn)
 c - a +1 shield (worn)
Jewellery
 e - a ring of protection from fire (right hand)
 g - a cursed ring of attention (left hand)
Scrolls
 l - a scroll of teleportation
 m - a scroll of fog {unknown}
Potions
 d - a potion of might
 k - a potion of magic
 n - a potion of lignification {unknown}
 p - a potion of heal wounds
 r - a potion of curing {unknown}
 u - a potion of berserk rage {unknown}
 v - a potion of haste {unknown}
Comestibles
 f - 6 rations


   Skills:
 * Level 3.8 Fighting
 * Level 2.7 Maces & Flails
 * Level 3.0 Armour
 * Level 1.5 Dodging
 * Level 3.1 Shields


You had 4 spell levels left.
You didn't know any spells.
Your spell library was empty.

Dungeon Overview and Level Annotations

Branches:
Dungeon (4/15)
 Temple: D:4-7

Altars:

Annotations:
D:3 Sigmund
D:4 Pikel


Innate Abilities, Weirdness & Mutations

You are small and have problems with some larger weapons.
You are carnivorous and can eat meat at any time.


Message History

The slave hits you. Pikel barely misses you.
The scorpion stings you but does no damage.
The slave hits you. The slave barely misses you.
You feel much better. The worker ant misses you.
The slave hits you but does no damage. The slave hits you.
Pikel hits you but does no damage. You block the scorpion's attack.
The slave hits you. You block the slave's attack.
You barely miss Pikel.
The worker ant bites you but does no damage.
The slave closely misses you. You block the slave's attack.
Pikel hits you but does no damage. The scorpion stings you.
You block the slave's attack. The slave hits you but does no damage.
The worker ant bites you but does no damage.
You miss Pikel. The slave hits you! The slave hits you but does no damage.
You block Pikel's attack. The scorpion misses you. The slave hits you.
* * * LOW HITPOINT WARNING * * *
The worker ant barely misses you. The slave barely misses you. x2
The scorpion barely misses you. Pikel barely misses you.
The slave closely misses you. The slave hits you.
You die...

.. .## .#..#
.[..#####
#.......#
#..$....#
##<......#
#........#
..)###ppa.....#
.......p@s......
.......Kp######.
.......(.#
..........
###########


You could see Pikel, 4 slaves, a scorpion and a worker ant.

Vanquished Creatures
  A hound skeleton (D:3)
  4 adders
  An ooze (D:2)
  A worm (D:3)
  4 dart slugs
  2 giant cockroaches
  7 goblins
  7 hobgoblins
  4 kobolds
  2 quokkas (D:2)
  11 bats
  6 frilled lizards
  9 rats
59 creatures vanquished.

Vanquished Creatures (others)
  5 toadstools (D:1)
5 creatures vanquished.

Grand Total: 64 creatures vanquished

Notes
Turn   | Place    | Note
-------+----------+-------------------------------------------
     0 | D:1      | Ihlosi the Kobold Fighter began the quest for the Orb.
     0 | D:1      | Reached XP level 1. HP: 14/14 MP: 1/1
    84 | D:1      | Reached XP level 2. HP: 19/19 MP: 2/2
   285 | D:1      | Reached XP level 3. HP: 22/23 MP: 3/3
   652 | D:2      | Reached skill level 1 in Dodging
  1044 | D:2      | Reached XP level 4. HP: 25/29 MP: 4/4
  2338 | D:3      | Reached XP level 5. HP: 31/33 MP: 5/5
  2431 | D:3      | Noticed Sigmund
  2435 | D:4      | Noticed Pikel
  2435 | D:4      | Noticed a slave
  2435 | D:4      | Noticed a slave
  2435 | D:4      | Noticed a slave
  2436 | D:4      | Noticed a slave
  2444 | D:4      | Slain by a slave

Skill      XL: |  1  2  3  4  5 |
---------------+----------------+-----
Maces & Flails | 2 |  2.7
Dodging        | 1 |  1.5
Shields        | 3 |  3.1
Armour         | 3 |  3.0
Fighting       | |  3.8

Action                   |  1- 3 |  4- 6 || total
-------------------------+-------+-------++-------
Melee: Flail             |   100 |   114 ||   214
Throw: Tomahawk          |     3 |     2 ||     5
  Use: Scroll            |       |     9 ||     9
       Potion            |       |     2 ||     2
  Eat: Chunk             |     9 |     3 ||    12
Armor: Scale mail        |    54 |    46 ||   100
Dodge: Dodged            |    38 |    52 ||    90
Block: Shield            |    69 |    61 ||   130
